cohdb
Replays
Latest Replays
All Replays
Popular Replays
Top Player Replays
Match Explorer
How It Works
Community
CoH3 Stats
Reddit
Sign in to upload your games and track your stats! →
Sign in with Steam
Match 40962401
Unlisted
Match 40962401
Overview
Messages
Build Orders
End
Vickers Machine Gun Team
Construct Section Command Post
ML 3-inch Mortar Team
Infantry Section
Infantry Section
Selects Heavy Armor Battlegroup
Selects Rigorous Vehicle Training
Construct Platoon Command Post
Unlock M3 Stuart Light Tanks
Selects Light Vehicle Withdraw and Refit
M3 Stuart Light Tank
M3 Stuart Light Tank
M3 Stuart Light Tank
M3 Stuart Light Tank
CMP 15cwt Truck
Light Vehicle Training
Selects Radio Net
Selects Forward Repair Assembly
Selects UNKNOWN (2162094)
Construct Company Command Post
Selects Recon Artillery
Light Vehicle Withdraw and Refit
Unlock M3 Grant Medium Tanks
Light Vehicle Withdraw and Refit
Royal Engineer Section
M3 Grant Medium Tank
Foot Guards Section
Foot Guards Section
Recon Artillery
Churchill IV Heavy Tank
Radio Net
Gl3n
Devos
摩诘
神鹰
Jkzc
Kitsunenoko
秃头披风侠
Valdai
0
0
Comments
sign in to comment!
No comments posted yet!